 Dungeon Crawl Stone Soup version 0.25-a0-517-gf8b3a32422 (webtiles) character file.

Game seed: 14666052299667930340, levelgen mode: classic

777 EnegeticOcto the Chopper (level 7, 46/66 HPs)
             Began as a Deep Dwarf Fighter on Feb 17, 2020.
             Quit the game on level 4 of the Dungeon.
             The game lasted 00:01:10 (846 turns).

EnegeticOcto the Chopper (Deep Dwarf Fighter)        Turns: 846, Time: 00:01:10

Health: 46/66      AC:  7    Str: 22    XL:     7   Next: 54%
Magic:  4/4        EV:  9    Int: 14    God:
Gold:   137        SH: 10    Dex: 12    Spells: 6/6 levels left

rFire    . . .     SeeInvis .   p - +1 rapier of Destiny {freeze, *Corrode rN+ Int+6} (curse)
rCold    . . .     Gourm    .   c - +0 kite shield
rNeg     + . .     Faith    .   b - +0 scale mail
rPois    .         Spirit   .   (no helmet)
rElec    .         Reflect  .   (no cloak)
rCorr    .         Harm     .   (no gloves)
MR       +....                  (no boots)
Stlth    ..........             o - amulet of rage
HPRegen  0.00/turn              (no ring)
MPRegen  0.09/turn              (no ring)

@: mildly poisoned (46 -> 46), very slightly contaminated, non-regenerating
A: damage resistance, heal wounds, sense surroundings 1, no regeneration
a: Heal Wounds, Evoke Berserk Rage


You were on level 4 of the Dungeon.
You were hungry.

You visited 1 branch of the dungeon, and saw 4 of its levels.

You collected 137 gold pieces.

Inventory:

Hand Weapons
 a - a +1 war axe
 p - the cursed +1 rapier of Destiny (weapon) {freeze, *Corrode rN+ Int+6}
   (You found it on level 4 of the Dungeon)

   It has been specially enchanted to freeze those struck by it, causing extra
   injury to most foes and up to half again as much damage against particularly
   susceptible opponents.
   It can also slow down cold-blooded creatures.
   It affects your intelligence (+6).
   It protects you from negative energy.
   It may corrode you when you take damage.
   It has a curse placed upon it.
Missiles
 n - 2 throwing nets (quivered)
Armour
 b - a +0 scale mail (worn)
 c - a +0 kite shield (worn)
Jewellery
 o - an amulet of rage (around neck)
Scrolls
 i - a scroll of immolation {@r4}
 l - a scroll of identify {@r1}
Potions
 j - 3 potions of magic
 k - a potion of might {@q3}
 m - a potion of haste {unknown}
Comestibles
 e - 2 rations
 h - 2 chunks of flesh


   Skills:
 * Level 4.8 Fighting
 * Level 5.4 Axes
 + Level 4.8 Armour
 + Level 3.1 Dodging
 + Level 4.7 Shields


You had 6 spell levels left.
You didn't know any spells.
Your spell library was empty.

Dungeon Overview and Level Annotations

Branches:
Dungeon (4/15)
 Temple: D:4-7

Altars:


Innate Abilities, Weirdness & Mutations

You are resistant to damage.
You can heal yourself by infusing magical energy.
You passively map a small area around you.
You do not regenerate.


Message History

a +0 giant club; a +0 club; a +0 short sword; an orc skeleton
Items here: ))) รท a +0 giant club; a +0 club; a +0 short sword; an orc skeleton You now have 106 gold pieces (gained 12).
Some of the chunks of flesh in your inventory have rotted away.
Found a crystal rapier.
You now have 120 gold pieces (gained 14).
You now have 132 gold pieces (gained 12).
You see here 6 boomerangs.
Found a ring mail.
You see here a crystal rapier.
You now have 137 gold pieces (gained 5).
Found a stone staircase leading down.
A scorpion comes into view.
A scorpion is nearby!
A scorpion is nearby!
A scorpion is nearby!
A scorpion is nearby!
You block the scorpion's attack.
You hit the scorpion.
The scorpion is lightly wounded.
The scorpion closely misses you. The scorpion barely misses you.
You closely miss the scorpion.
The scorpion is lightly wounded.
The scorpion stings you but does no damage.
You closely miss the scorpion.
The scorpion is lightly wounded.
The scorpion stings you!
You hit the scorpion but do no damage.
The scorpion is lightly wounded.
The scorpion stings you. x2
You are feeling hungry.
Your shield prevents you from hitting the scorpion.
The scorpion is lightly wounded.
The scorpion barely misses you.
You closely miss the scorpion. You block the scorpion's attack.
You hit the scorpion but do no damage. The scorpion closely misses you.
The scorpion stings you.
You closely miss the scorpion. The scorpion stings you.
You are poisoned.
The scorpion poisons you!
You hit the scorpion but do no damage. You block the scorpion's attack.
A scorpion is nearby!
A scorpion is nearby!
You slash the scorpion!
The scorpion is severely wounded.
You block the scorpion's attack.
You hit the scorpion but do no damage.
The scorpion is severely wounded.
The scorpion stings you but does no damage.
You block the scorpion's attack.
Your shield and scale mail prevent you from hitting the scorpion.
The scorpion is heavily wounded.
You block the scorpion's attack.
Some of the chunks of flesh in your inventory have rotted away.
You hit the scorpion.
The scorpion is severely wounded.
The scorpion closely misses you.
The scorpion stings you but does no damage.
You hit the scorpion.
The scorpion is almost dead.
The scorpion barely misses you.
You hit the scorpion.
You kill the scorpion!
No target in view!
No target in view!
No target in view!
No target in view!
No target in view!
No target in view!
No target in view!
No target in view!
No target in view!
No target in view!
You see here a crystal rapier.
p - a crystal rapier You feel clever.
The cursed +1 rapier of Destiny {freeze, *Corrode rN+ Int+6} glows with a cold blue light!
It sticks to your hand!
p - the cursed +1 rapier of Destiny (weapon)
{freeze, *Corrode rN+ Int+6} You can't unwield your weapon to draw a new one!
As you read the scroll labeled YKHLAU UHYHUSHRE, it crumbles to dust.
You feel strangely unstable.
It was a scroll of teleportation.
Blink to where?
Press: ? - help, Dir - move target cursor You are very lightly contaminated with residual magic.
As you read the scroll labeled JARAOR DUSHEFF, it crumbles to dust.
It was a scroll of blinking.
As you read the scroll labeled LONNIM INAI, it crumbles to dust.
It is a scroll of identify.
j - 3 potions of magic Your surroundings suddenly seem different.
As you read the scroll labeled IRAOSI UCWEI, it crumbles to dust.
The air around you briefly surges with heat, but it dissipates.
It was a scroll of immolation.
o - an amulet of rage (around neck)
As you read the scroll labeled GUPHEA TIWKE, it crumbles to dust.
It is a scroll of enchant weapon.
Your +0 war axe glows red for a moment.
Are you sure you want to abandon this character and quit the game? (Confirm with "yes".)

#.# #).#.# #.#.## #.#
#.# #.#.## #....# #.#
#.# #.### #....# #.#
#[## #.########....#
#.#
.<.####..........####
#..
........########.#
#.. ######### #.# , #
** * #.# , #*8, ,8
***#@# ** , # , #.#
#> #.# ##,, ,#.# ## 8
#.# * #.# * * ** #..
* , , ,,... , , * * ,
* *#.#


There were no monsters in sight!

Vanquished Creatures
  Sigmund (D:4)
  Eustachio (D:4)
  2 ogres (D:4)
  A scorpion (D:4)
  An orc priest (D:4)
  An iguana (D:4)
  2 worker ants (D:4)
  A howler monkey zombie (D:4)
  7 gnolls
  4 adders
  A shadow imp (D:4)
  An ooze (D:4)
  2 adder skeletons (D:4)
  A worm (D:4)
  A leopard gecko (D:2)
  3 orcs (D:4)
  2 giant cockroaches
  4 goblins
  A hobgoblin (D:1)
  A quokka (D:2)
  2 bats
  2 kobolds (D:2)
  A rat (D:2)
43 creatures vanquished.

Notes
Turn   | Place    | Note
-------+----------+-------------------------------------------
     0 | D:1      | EnegeticOcto the Deep Dwarf Fighter began the quest for the
                  | Orb.
     0 | D:1      | Reached XP level 1. HP: 20/20 MP: 1/1
    68 | D:2      | Reached XP level 2. HP: 27/27 MP: 2/2
   193 | D:2      | Reached XP level 3. HP: 27/34 MP: 3/3
   291 | D:2      | Reached skill level 3 in Axes
   299 | D:2      | Reached skill level 1 in Dodging
   328 | D:3      | Reached XP level 4. HP: 35/42 MP: 3/3
   379 | D:4      | Reached XP level 5. HP: 22/49 MP: 3/3
   445 | D:4      | Noticed an ogre
   454 | D:4      | Killed an ogre
   454 | D:4      | Reached skill level 4 in Axes
   519 | D:4      | Noticed Sigmund
   536 | D:4      | Killed Sigmund
   536 | D:4      | Reached XP level 6. HP: 39/57 MP: 3/3
   590 | D:4      | Reached XP level 7. HP: 49/66 MP: 4/4
   620 | D:4      | Noticed Eustachio
   636 | D:4      | Reached skill level 5 in Axes
   683 | D:4      | Killed Eustachio
   838 | D:4      | Got a crystal rapier
   839 | D:4      | Identified the cursed +1 rapier of Destiny {freeze,
                  | *Corrode rN+ Int+6} (You found it on level 4 of the
                  | Dungeon)
   846 | D:4      | Quit the game

Levels and vault maps discovered:
D:1:      kennysheep_arrival_seaside, layout_basic
D:2:      layout_loops_cross, makhleb_heckhound_becter
D:3:      layout_basic, overflow_temple_1_default
D:4:      layout_loops_ring, kennysheep_mini, nicolae_overflow_hidden_temple,
          grunt_tough_drop, uniq_sigmund, uniq_eustachio

Skill      XL: |  1  2  3  4  5  6  7 |
---------------+----------------------+-----
Fighting       | 3 4 |  4.8
Axes           | 3 4 5 |  5.4
Dodging        | 1 2 3 |  3.1
Armour         | 4 |  4.8
Shields        | 4 |  4.7

Action                   |  1- 3 |  4- 6 |  7- 9 || total
-------------------------+-------+-------+-------++-------
Melee: War axe           |    61 |    92 |    86 ||   239
 Abil: Heal Wounds       |     2 |     9 |     1 ||    12
  Use: Scroll            |       |       |     5 ||     5
Armor: Scale mail        |    33 |    28 |    27 ||    88
Dodge: Dodged            |    24 |    31 |    26 ||    81
Block: Kite shield       |    39 |    49 |    46 ||   134

Table legend:
 A = Non-vault XP
 B = Vault XP
 C = Vault XP percentage of total XP
 D = Non-vault monster count
 E = Vault monster count
 F = Vault count percentage of total count
                 A         B        C        D         E       F
            +---------+---------+-------+---------+---------+-------
      Total |     597 |     513 |  46.2 |      38 |       5 |  11.6
            +---------+---------+-------+---------+---------+-------
        D:1 |       3 |       0 |   0.0 |       2 |       0 |   0.0
        D:2 |      88 |       0 |   0.0 |      15 |       0 |   0.0
        D:3 |      59 |       0 |   0.0 |       5 |       0 |   0.0
        D:4 |     447 |     513 |  53.4 |      16 |       5 |  23.8
            +---------+---------+-------+---------+---------+-------
